 Dungeon Crawl Stone Soup version 0.22.0-2-ge58baed0e8 (webtiles) character file.

911 IcyTea the Carver (level 8, -5/64 HPs)
             Began as a Hill Orc Fighter on Aug 13, 2018.
             Was a Follower of Beogh.
             Killed by divine providence
             ... invoked by an orc priest
              (10 damage)
             ... on level 6 of the Dungeon.
             The game lasted 00:12:56 (4887 turns).

IcyTea the Carver (Hill Orc Fighter)                Turns: 4887, Time: 00:12:58

Health: -5/64      AC:  8    Str: 21    XL:     8   Next: 8%
Magic:  8/8        EV:  7    Int:  8    God:    Beogh [*.....]
Gold:   327        SH:  9    Dex: 10    Spells: 7/7 levels left

rFire    . . .     SeeInvis .   a - +3 long sword (freeze)
rCold    . . .     Gourm    .   c - +0 shield
rNeg     . . .     Faith    .   b - +0 scale mail
rPois    .         Spirit   .   (no helmet)
rElec    .         Reflect  .   (no cloak)
rCorr    .         Harm     .   h - +0 pair of gloves
MR       .....                  (no boots)
Stlth    ..........             (no amulet)
HPRegen  0.20/turn              k - ring of flight
MPRegen  0.11/turn              (no ring)

@: very slow
A: no striking features
a: Renounce Religion, Evoke Flight


You were on level 6 of the Dungeon.
You worshipped Beogh.
Beogh was aware of your devotion.
You were hungry.

You visited 2 branches of the dungeon, and saw 7 of its levels.

You collected 327 gold pieces.

Inventory:

Hand Weapons
 a - a +3 long sword of freezing (weapon)
 m - a +1 long sword
Armour
 b - a +0 scale mail (worn)
 c - a +0 shield (worn)
 h - a +0 pair of gloves (worn)
Jewellery
 k - a ring of flight (left hand)
Wands
 i - a wand of acid (9)
Scrolls
 g - 4 scrolls of identify
 l - a scroll of fear
 n - 3 scrolls of remove curse
Potions
 d - 2 potions of might
 e - 2 potions of haste
 j - a potion of lignification {unknown}
 q - 4 potions of flight
 r - a potion of brilliance {unknown}
 t - a potion of mutation {unknown}
Comestibles
 f - 3 rations


   Skills:
 - Level 3.6 Fighting
 + Level 10.0 Long Blades
 - Level 3.2 Armour
 - Level 3.2 Shields


You had 7 spell levels left.
You didn't know any spells.
Your spell library was empty.

Dungeon Overview and Level Annotations

Branches:
Dungeon (6/15)             Temple (1/1) D:4

Altars:
Dithmenos
Elyvilon
Fedhas
Gozag
Makhleb
Nemelex Xobeh
Okawaru
Ru
Sif Muna
Trog
Uskayaw
Vehumet
Yredelemnul
Zin
The Shining One

Portals:
Sewer: D:6


Message History

You riposte.
You slash the giant cockroach! You freeze the giant cockroach.
You kill the giant cockroach!
Beogh accepts your kill. The river rat barely misses you.
You riposte.
You slash the river rat! You freeze the river rat.
You kill the river rat!
Beogh accepts your kill.
You closely miss the orc priest. The adder zombie barely misses you.
You block the orc priest's attack. You block the scorpion's attack.
The orc priest mumbles some strange prayers to Beogh against you.
Beogh smites you!
* * * LOW HITPOINT WARNING * * *
The adder zombie bites you but does no damage.
Your unstable footing causes you to fumble your attack.
The scorpion stings you!
* * * LOW HITPOINT WARNING * * *
The orc priest invokes the aid of Beogh against you.
Beogh smites you!
You die...
Beogh appreciates the orc priest's killing of a heretic priest.

## .... ... ######..
#≈≈≈≈#..# #≈≈≈≈#..#
#os≈≈#.# #@†≈≈#.### .
#Zoo≈#...
....##5###.#########
..........o.##.......
.......o#........####
.
....####............#
.. ...
#.....####.#.##.# ...
.. ........#......<#
... #
#.....#.##o..#..#


You could see an orc warrior, a scorpion, 2 orc priests, a crimson imp, an orc
and an adder zombie.

Vanquished Creatures
  A centaur (D:3)
  A bullfrog (D:6)
  3 wights
  A crimson imp (D:6)
  A bullfrog skeleton (D:4)
  2 orc wizards (D:3)
  An orc priest (D:4)
  A gnoll shaman (D:5)
  2 iguanas
  6 worker ants
  A hound zombie (D:6)
  6 adders
  11 gnolls
  A river rat (D:6)
  2 oozes
  A worm (D:2)
  2 dart slugs (D:2)
  4 leopard geckos
  11 orcs
  10 bats
  3 giant cockroaches
  10 hobgoblins
  9 jackals
  8 kobolds
  3 quokkas
  A ball python (D:1)
  4 frilled lizards
  8 goblins
  4 rats
  A spectral orc (D:4)
119 creatures vanquished.

Vanquished Creatures (others)
  A leopard gecko (D:3)
  4 orcs (D:3)
5 creatures vanquished.

Grand Total: 124 creatures vanquished

Notes
Turn   | Place    | Note
-------+----------+-------------------------------------------
     0 | D:1      | IcyTea the Hill Orc Fighter began the quest for the Orb.
     0 | D:1      | Reached XP level 1. HP: 19/19 MP: 1/1
    95 | D:1      | Reached skill level 3 in Long Blades
    95 | D:1      | Reached XP level 2. HP: 26/26 MP: 2/2
   846 | D:1      | Reached XP level 3. HP: 31/31 MP: 3/3
   906 | D:2      | Reached skill level 4 in Long Blades
  1609 | D:2      | Reached XP level 4. HP: 27/39 MP: 4/4
  1856 | D:3      | Reached skill level 5 in Long Blades
  1889 | D:3      | Found a burning altar of Makhleb.
  1940 | D:3      | Noticed a centaur
  1942 | D:3      | Became a worshipper of Beogh the Brigand
  1952 | D:3      | Killed a centaur
  1952 | D:3      | Reached XP level 5. HP: 41/45 MP: 5/5
  2008 | D:3      | Reached skill level 6 in Long Blades
  2393 | D:3      | Found an opulent altar of Gozag.
  2481 | D:3      | Reached XP level 6. HP: 38/51 MP: 6/6
  2488 | D:3      | Reached * piety under Beogh
  2636 | D:3      | Found a white marble altar of Elyvilon.
  2724 | D:3      | Reached skill level 7 in Long Blades
  3184 | D:4      | Reached skill level 8 in Long Blades
  3184 | D:4      | Reached XP level 7. HP: 50/57 MP: 7/7
  3466 | D:4      | Found a staircase to the Ecumenical Temple.
  3498 | Temple   | Entered the Ecumenical Temple
  3956 | D:4      | Found a deep blue altar of Sif Muna.
  4182 | D:4      | Found a basalt altar of Yredelemnul.
  4235 | D:5      | Entered Level 5 of the Dungeon
  4274 | D:5      | Reached skill level 9 in Long Blades
  4861 | D:6      | Reached skill level 10 in Long Blades
  4861 | D:6      | Reached XP level 8. HP: 40/64 MP: 8/8
  4874 | D:6      | Found a glowing drain.
  4887 | D:6      | Killed from afar by an orc priest

Skill      XL: |  1  2  3  4  5  6  7 |
---------------+----------------------+-----
Long Blades    | 3 4 5 6 8 10 | 10.0
Fighting       | |  3.6
Armour         | |  3.2
Shields        | |  3.2

Action                   |  1- 3 |  4- 6 |  7- 9 || total
-------------------------+-------+-------+-------++-------
Melee: Long sword        |   124 |   172 |   126 ||   422
Invok: Convert to Beogh  |       |     1 |       ||     1
  Use: Scroll            |       |     5 |     2 ||     7
       Potion            |       |     1 |     4 ||     5
  Eat: Chunk             |     2 |     3 |     1 ||     6
       Ration            |       |     1 |     1 ||     2
Armor: Scale mail        |    54 |    89 |    69 ||   212
Dodge: Dodged            |    46 |    79 |    53 ||   178
Block: Shield            |    74 |   106 |    90 ||   270
       Rpst.: Long sword |    13 |    25 |    15 ||    53
